AoeStats
← _vishi_

African Clearing

504845206Analyzed
4v4 RM · 25d ago on Sep 6, 2026· 59m 51s· 8 players
Game mode
Random Map
Map size
Large (8 player)
Population
200
Speed
Normal
Resources
Standard
Victory
Conquest
Starting age
Dark Age
Ending age
Imperial Age
RankedLock teamsTeams togetherTeam positionsShared explorationLock speedFull tech treeHidden civsTurbo modeCheats
Victory
Defeat
🇹🇷 Gurjaras · Türkiye
1523
+12
🇨🇳 Mongols · China
1515
+12
🇲🇽 Britons · Mexico
1383
+17
🇫🇷 Berbers · France
1348
+18
🇮🇳 Wei · India
1431
-15
🇪🇸 Spanish · Spain
1430
-15
🇷🇺 Koreans · Russia
1426
-15
🇻🇳 Poles · Vietnam
1399
-14
_vishi_
4:22 Loom
13:14 Feudal Age
17:17 Castle Age
16:04 Double-Bit Axe
17:04 Fletching
18:18 Bodkin Arrow
25:22 Horse Collar
28:22 Wheelbarrow
30:43 Ballistics
31:28 Hand Cart
32:18 Heavy Plow
32:43 Bow Saw
33:26 Padded Archer Armor
34:12 Bloodlines
34:28 Leather Archer Armor
41:02 Imperial Age
39:37 Scale Barding Armor
41:05 Chain Barding Armor
41:13 Heavy Hei Guang Cavalry
42:47 Forging
47:54 Iron Casting
51:30 Elite Skirmisher
52:15 Thumb Ring
53:46 Bracer
thanh7531
3:08 Loom
13:15 Feudal Age
18:14 Double-Bit Axe
20:32 Castle Age
21:24 Wheelbarrow
24:21 Bow Saw
24:15 Town Watch
29:50 Hand Cart
31:08 Horse Collar
38:09 Imperial Age
37:14 Bloodlines
37:05 Husbandry
38:30 Szlachta Privileges
38:29 Cavalier
43:29 Gold Mining
44:50 Heavy Plow
51:24 Scale Barding Armor
51:35 Forging
52:53 Chain Barding Armor
54:13 Iron Casting
SiraZaika
4:16 Loom
13:28 Feudal Age
14:52 Town Watch
16:56 Fletching
19:29 Castle Age
29:47 Bodkin Arrow
34:40 Wheelbarrow
35:39 Scale Mail Armor
36:29 Squires
38:32 Double-Bit Axe
44:12 Imperial Age
42:39 Chain Mail Armor
42:35 Forging
43:06 Forging
43:06 Husbandry
44:35 Ballistics
45:04 Bracer
45:52 Bow Saw
46:03 Gold Mining
46:39 Conscription
49:11 Arson
49:54 Elite Skirmisher
50:43 Thumb Ring
50:28 Elite Skirmisher
51:08 Stone Mining
51:51 Elite Skirmisher
hcenemod
13:04 Feudal Age
17:43 Castle Age
21:25 Loom
29:03 Horse Collar
35:22 Wheelbarrow
37:05 Double-Bit Axe
37:26 Heavy Plow
40:58 Imperial Age
38:25 Gold Mining
40:17 Scale Barding Armor
41:36 Pikeman
43:18 Scale Mail Armor
44:11 Conscription
44:10 Halberdier
44:50 Squires
45:20 Hand Cart
47:54 Hoardings
46:45 Elite Conquistador
47:43 Chain Mail Armor
47:38 Forging
47:49 Chain Barding Armor
49:21 Plate Mail Armor
51:20 Iron Casting
51:41 Arson
52:35 Plate Barding Armor
55:07 Bow Saw
牛比无极限
4:56 Loom
10:44 Feudal Age
13:59 Scale Barding Armor
15:45 Forging
18:01 Double-Bit Axe
21:28 Castle Age
20:52 Horse Collar
23:53 Light Cavalry
24:46 Bloodlines
30:02 Wheelbarrow
31:02 Ballistics
31:59 Fletching
32:10 Padded Archer Armor
33:04 Bodkin Arrow
34:01 Hand Cart
35:01 Leather Archer Armor
39:10 Imperial Age
36:55 Town Watch
37:50 Gold Mining
37:54 Stone Mining
39:55 Gold Shaft Mining
39:19 Elite Mangudai
40:20 Conscription
40:09 Bracer
41:35 Chemistry
40:59 Husbandry
42:02 Parthian Tactics
42:10 Thumb Ring
42:55 Bow Saw
42:29 Capped Ram
44:27 Drill
43:31 Siege Ram
46:33 Murder Holes
47:53 Nomads
50:58 Light Cavalry
52:11 Light Cavalry
53:14 Chain Barding Armor
53:30 Iron Casting
54:23 Stone Shaft Mining
53:39 Hussar
55:24 Blast Furnace
FxSquale
2:53 Loom
13:24 Feudal Age
17:21 Castle Age
15:16 Double-Bit Axe
19:47 Bow Saw
19:31 Fletching
26:32 Bodkin Arrow
30:08 Wheelbarrow
34:13 Town Watch
38:41 Imperial Age
36:49 Gold Mining
37:02 Horse Collar
38:15 Bloodlines
38:47 Hand Cart
40:30 Chemistry
40:10 Forging
40:04 Bracer
40:52 Ballistics
41:48 Conscription
42:07 Padded Archer Armor
43:15 Conscription
44:06 Gold Shaft Mining
44:02 Thumb Ring
43:41 Elite Camel Archer
45:09 Husbandry
46:05 Kasbah
45:32 Heavy Camel Rider
46:50 Leather Archer Armor
46:40 Scale Barding Armor
46:45 Forging
48:12 Ring Archer Armor
48:57 Chain Barding Armor
51:46 Light Cavalry
53:13 Hussar
56:07 Plate Barding Armor
Seifer
3:22 Loom
11:02 Feudal Age
12:05 Town Watch
13:04 Double-Bit Axe
19:06 Castle Age
17:59 Stone Mining
19:52 Wheelbarrow
20:01 Bow Saw
20:34 Horse Collar
21:15 Heavy Plow
28:28 Fletching
29:34 Gold Mining
30:23 Bodkin Arrow
31:30 Padded Archer Armor
32:01 Ballistics
32:39 Hand Cart
33:27 Gold Shaft Mining
37:12 Imperial Age
36:33 Leather Archer Armor
37:16 Yeomen
38:58 Two-Man Saw
38:23 Conscription
38:05 Bracer
39:11 Chemistry
38:25 Elite Longbowman
40:15 Ring Archer Armor
41:46 Siege Engineers
42:26 Scale Mail Armor
42:37 Forging
43:36 Coinage
43:17 Guilds
44:00 Chain Mail Armor
44:40 Iron Casting
44:47 Banking
44:10 Treadmill Crane
44:27 Murder Holes
44:43 Masonry
44:57 Pikeman
45:37 Squires
45:49 Arson
46:36 Plate Mail Armor
45:31 Halberdier
48:26 Town Patrol
49:06 Architecture
50:41 Blast Furnace
53:39 Hoardings
The_OFLi
4:05 Loom
12:36 Feudal Age
13:11 Double-Bit Axe
15:02 Scale Barding Armor
15:22 Fletching
17:31 Forging
22:47 Bloodlines
27:31 Castle Age
28:31 Husbandry
31:14 Chain Barding Armor
37:54 Light Cavalry
47:26 Horse Collar
47:58 Bow Saw
48:52 Heavy Plow
50:14 Wheelbarrow
50:39 Stone Mining
50:40 Gold Mining
51:47 Hand Cart
53:58 Gold Shaft Mining
53:58 Stone Shaft Mining
56:08 Imperial Age
54:02 Kshatriyas
54:34 Iron Casting
56:08 Heavy Camel Rider
57:10 Frontier Guards
57:12 Conscription
58:38 Plate Barding Armor
58:51 Bodkin Arrow
58:57 Padded Archer Armor
59:18 Ballistics
59:59 Chemistry
59:10 Masonry
Connection lost

Rejoining the realm…

Still unreachable

The connection could not be restored.

Session expired

The server has moved on; the page needs a fresh start.